 Dungeon Crawl Stone Soup version 0.25.1-9-gc5326a611f (webtiles) character file.

Game seed: 11484336942211700176

84 theanonym the Shooter (level 4, -1/38 HPs)
             Began as a Centaur Hunter on Sept 2, 2021.
             Slain by an adder (3 damage)
             ... on level 2 of the Dungeon.
             The game lasted 00:02:07 (2046 turns).

theanonym the Shooter (Centaur Hunter)              Turns: 2046, Time: 00:02:07

Health: -1/38      AC:  7    Str: 15    XL:     4   Next: 24%
Magic:  4/4        EV:  4    Int: 10    God:
Gold:   26         SH:  0    Dex: 10    Spells: 3/3 levels left

rFire    . . .     SeeInvis .   a - +1 shortbow
rCold    . . .     Gourm    .   (shield currently unavailable)
rNeg     . . .     Faith    .   i - +0 chain mail
rPois    .         Spirit   .   (no helmet)
rElec    .         Reflect  .   (no cloak)
rCorr    .         Harm     .   (no gloves)
MR       .....                  (no barding)
Stlth    ..........             (no amulet)
HPRegen  0.12/turn              (no ring)
MPRegen  0.09/turn              (no ring)

@: lethally poisoned (-1 -> -18), invisible, very quick
A: large, hooves 3, deformed body, speed 2, tough skin 3
a: no special abilities


Innate Abilities, Weirdness & Mutations

You have hooves in place of feet.
Armour fits poorly on your strangely shaped body.
You cover ground very quickly.
You have extremely tough skin. (AC +3)


   Skills:
 + Level 3.0 Fighting
 * Level 7.0 Bows
 - Level 1.3 Dodging
 - Level 0.4 Stealth


You had 3 spell levels left.
You didn't know any spells.
Your spell library was empty.

Skill      XL: |  1  2  3  4 |
---------------+-------------+-----
Bows           | 6 7 |  7.0
Fighting       | 3 |  3.0
Dodging        | |  1.3
Stealth        | |  0.4

Action                   |  1- 3 |  4- 6 || total
-------------------------+-------+-------++-------
Melee: Short sword       |    98 |    34 ||   132
       Kick              |    19 |     8 ||    27
 Fire: Shortbow          |     8 |     7 ||    15
  Use: Potion            |       |     1 ||     1
 Stab: Paralysed         |     2 |       ||     2
  Eat: Chunk             |     2 |     1 ||     3
Armor: Leather armour    |     8 |       ||     8
       Chain mail        |    62 |    32 ||    94
Dodge: Dodged            |    24 |    10 ||    34

Inventory:

Hand Weapons
 a - a +1 shortbow (weapon)
 b - a +0 short sword
Missiles
 d - 49 arrows (quivered)
Armour
 i - a +0 chain mail (worn)
 m - a +0 cloak
Jewellery
 g - a +6 ring of intelligence {unknown}
 l - an uncursed ring of resist corrosion {unknown}
 o - a +6 ring of dexterity {unknown}
Scrolls
 c - 2 scrolls of remove curse {unknown}
 j - a scroll of fog {unknown}
 k - a scroll of identify {unknown}
Potions
 f - a potion of lignification {unknown}
 n - a potion of invisibility
 p - 2 potions of flight {unknown}
 q - a potion of brilliance {unknown}
Comestibles
 e - 7 rations
 h - 2 chunks of flesh


You were on level 2 of the Dungeon.
You were not hungry.

You visited 1 branch of the dungeon, and saw 2 of its levels.

You collected 26 gold pieces.

Dungeon Overview and Level Annotations

Branches:
Dungeon (2/15)

Altars:
Ru

#.#..## ###
#.#... ...###
#.#.###......
#.)...#......
####....#......
.#.........$.#
#.....>......#
%............###
..........@..#
..........†S.#
..........?....#
#+#............#
#..............
#...............
...............
.#####.##.....(


You could see an adder.

Notes
Turn   | Place    | Note
-------+----------+-------------------------------------------
     0 | D:1      | theanonym the Centaur Hunter began the quest for the Orb.
     0 | D:1      | Reached XP level 1. HP: 17/17 MP: 1/1
    86 | D:1      | HP: 8/17 [leopard gecko (2)]
    99 | D:1      | HP: 3/17 [leopard gecko (2)]
   535 | D:1      | Reached XP level 2. HP: 21/24 MP: 2/2
   798 | D:1      | Reached skill level 6 in Bows
  1342 | D:1      | Reached XP level 3. HP: 30/30 MP: 3/3
  1442 | D:2      | Found a sacrificial altar of Ru.
  1722 | D:2      | HP: 15/30 [adder (3)]
  1725 | D:2      | Reached XP level 4. HP: 16/37 MP: 4/4
  1729 | D:2      | HP: 14/37 [poisoned by an adder]
  1734 | D:2      | HP: 14/37 [poisoned by an adder]
  1750 | D:2      | HP: 12/37 [bat (1)]
  1973 | D:2      | Reached skill level 3 in Fighting
  2005 | D:2      | Reached skill level 7 in Bows
  2039 | D:2      | HP: 19/38 [poisoned by an adder]
  2043 | D:2      | HP: 8/38 [adder (3)]
  2045 | D:2      | HP: 3/38 [adder (3)]
  2046 | D:2      | Slain by an adder

Vanquished Creatures
  An orc wizard (D:2)
  An adder (D:2)
  A worm (D:2)
  4 dart slugs
  3 leopard geckos
  2 ball pythons (D:2)
  2 giant cockroaches (D:2)
  3 goblins
  6 hobgoblins
  5 kobolds
  3 bats
  2 frilled lizards (D:1)
  5 rats
38 creatures vanquished.

Table legend:
 A = Turns spent in this place as a percentage of turns spent in the entire game.
 B = Non-inter-level travel turns spent in this place as a percentage of non-inter-level travel turns spent in the entire game.
 C = Inter-level travel turns spent in this place as a percentage of turns spent in this place.
 D = Turns resting spent in this place as a percentage of non-inter-level travel turns spent in this place.
 E = Turns spent auto-exploring this place as a percentage of non-inter-level travel turns spent in this place.
 F = Non-inter-level travel turns spent in this place divided by the number of levels of this place that you've seen.
                   A       B       C       D       E      F
               +-------+-------+-------+-------+-------+----------------------
         Total | 100.0 | 100.0 |   1.4 |  30.6 |  55.3 | 1008.5
       Dungeon | 100.0 | 100.0 |   1.4 |  30.6 |  55.3 | 1008.5
               +-------+-------+-------+-------+-------+----------------------
